 Dungeon Crawl Stone Soup version 0.26.1-10-gdfb7c7de75 (webtiles) character file.

Game seed: 5905664794925952409

445868 septik the Slayer (level 22, -10/319 (333) HPs)
             Began as a Minotaur Berserker on Apr 2, 2021.
             Was the Champion of Trog.
             Mangled by a titan (12 damage)
             ... on level 5 of the Vaults.
             The game lasted 02:49:39 (55300 turns).

septik the Slayer (Minotaur Berserker)             Turns: 55300, Time: 02:49:40

HP:   -10/319 (333) AC: 31    Str: 32    XL:     22   Next: 80%
MP:   30/30         EV:  2    Int:  4    God:    Trog [******]
Gold: 5035          SH: 20    Dex: 16    Spells: 21/21 levels left

rFire    + + .     SeeInvis .   a - +4 broad axe (spect)
rCold    + . .     Faith    .   B - +5 kite shield
rNeg     + + +     Spirit   .   (armour currently unavailable)
rPois    +         Reflect  .   (helmet currently unavailable)
rElec    .         Harm     .   (cloak currently unavailable)
rCorr    .         Rampage  .   (gloves currently unavailable)
Will     ++++.     Rnd*Rage +   (boots currently unavailable) Stlth +.........NoTele +
                                S - necklace of Bloodlust {*Rage +Rage Will++ Int-3 Slay+6 *Curse}
HPRegen  0.00/turn              b - ring "Jiosaill" {rF+ rC+ Dex+5}
MPRegen  0.22/turn              t - ring of Lezexziq {rPois rF+ Will+ MP+9 Str+4}

@: tree-form, berserk cooldown, slowed, lightly drained, very slow
A: (retaliatory headbutt), blurry vision 1, inhibited regeneration
}: 3/15 runes: barnacled, slimy, gossamer
a: Renounce Religion, Evoke Berserk Rage, Berserk, Trog's Hand, Brothers in Arms


You were on level 5 of the Vaults.
You worshipped Trog.
Trog was exalted by your worship.
You were a tree.
You visited 8 branches of the dungeon, and saw 44 of its levels.
You also visited: Trove, Sewer, Gauntlet and Volcano.

You collected 7155 gold pieces.
You spent 2120 gold pieces at shops.

Inventory:

Hand Weapons
 a - a +4 spectral broad axe (weapon)
 j - a +5 broad axe of electrocution
Missiles
 s - 16 curare-tipped darts (quivered)
 C - 26 atropa-tipped darts
 F - 2 throwing nets
 O - 92 silver javelins
 T - 60 poisoned darts
Armour
 g - a scarf of resistance (melded)
 h - a +2 pair of boots of flying (melded)
 A - a +2 hat of see invisible (melded)
 B - a +5 kite shield (worn)
 D - a +2 pair of gloves of strength (melded)
 K - the +19 crystal plate armour of Eqom (melded) {rCorr}
   (You found it in a Gauntlet)

   It provides partial protection from all sources of acid and corrosion.
Jewellery
 b - the ring "Jiosaill" (left branch) {rF+ rC+ Dex+5}
   (You took it off a boggart on level 15 of the Dungeon)

   [ring of protection from fire]

   It affects your dexterity (+5).
   It protects you from fire.
   It protects you from cold.
 n - a +4 ring of protection
 t - the ring of Lezexziq (right branch) {rPois rF+ Will+ MP+9 Str+4}
   (You found it on level 3 of the Spider Nest)

   [ring of poison resistance]

   It affects your strength (+4).
   It protects you from fire.
   It protects you from poison.
   It affects your willpower, your defense against some magical effects.
   It affects your magic capacity (+9).
 P - a +4 ring of evasion
 S - the necklace of Bloodlust (around neck) {*Rage +Rage Will++ Int-3 Slay+6 *Curse}
   (You found it on level 4 of the Lair of Beasts)

   [amulet of nothing]

   It affects your intelligence (-3).
   It affects your accuracy and damage with ranged weapons and melee attacks
   (+6).
   It affects your willpower, your defense against some magical effects.
   It lets you go berserk.
   It may make you go berserk in combat.
   It curses itself when equipped.
 X - an uncursed ring of see invisible
 Y - an uncursed ring of resist corrosion
Wands
 m - a wand of digging (5)
 q - a wand of enslavement (7)
 x - a wand of polymorph (36)
 J - a wand of paralysis (29)
 Q - a wand of iceblast (17)
 W - a wand of disintegration (21)
Scrolls
 e - 2 scrolls of summoning
 f - 22 scrolls of remove curse
 i - 7 scrolls of enchant armour
 k - 2 scrolls of brand weapon
 w - 13 scrolls of magic mapping
 y - 3 scrolls of immolation
 z - 24 scrolls of teleportation
 G - 7 scrolls of fear
 I - 10 scrolls of enchant weapon
 L - 9 scrolls of fog
 M - a scroll of torment
 N - 15 scrolls of identify
 V - 8 scrolls of blinking
 Z - a scroll of silence
Potions
 c - 7 potions of might
 d - 2 potions of lignification
 l - 5 potions of resistance
 p - 10 potions of haste
 u - 6 potions of ambrosia
 E - 9 potions of curing
 U - 2 potions of invisibility
Miscellaneous
 o - a condenser vane
 r - a phantom mirror
 H - a box of beasts (inert)
 R - a phial of floods


   Skills:
 + Level 23.9 Fighting
 - Level 20.0 Axes
 + Level 23.9 Armour
 + Level 11.1 Dodging
 - Level 15.0 Shields
 + Level 15.0 Evocations


You had 21 spell levels left.
You didn't know any spells.
Your spell library was empty.

Dungeon Overview and Level Annotations

Branches:
Dungeon (15/15)            Temple (0/1) D:5            Lair (6/6) D:9
 Shoals (4/4) Lair:2       Spider (4/4) Lair:2        Slime (5/5) Lair:5
    Orc (2/2) D:11            Elf (3/3) Orc:2        Vaults (5/5) D:14
  Crypt (0/3) Vaults:2     Depths (0/5) D:15          Sewer (visited)
Volcano (visited)         Gauntlet (visited)

Altars:
Ashenzari
Elyvilon
Fedhas
Kikubaaqudgha
Qazlal
Sif Muna
Uskayaw
Wu Jian
Xom
Jiyva

Shops:
D:4 *   D:6 [   D:14 (   Orc:1 =   Orc:2 (*(?(   Elf:2 ?   Elf:3 *   Shoals:4 (
Vaults:1 *=   Vaults:2 [(   Vaults:4 }

Annotations:
D:6 exclusion: oklob plant
Lair:2 exclusion: 3 oklob plants


Innate Abilities, Weirdness & Mutations

((You reflexively headbutt those who attack you in melee.))
((You have a pair of horns on your head.))
Scrolls take you a little longer to read.
((Your system is resistant to poisons. (rPois)))
((You are resistant to electric shocks. (rElec)))
You do not regenerate when monsters are visible.


Message History

You turn into a tree.
Your scarf of resistance melds into your body.
Your +2 hat of see invisible melds into your body.
Your +2 pair of gloves of strength melds into your body.
Your +2 pair of boots of flying melds into your body.
The +19 crystal plate armour of Eqom {rCorr} melds into your body.
You feel hot and cold all over.
You feel less perceptive.
You feel weaker.
You float gracefully downwards.
Your roots penetrate the ground.
The yaktaur captain hits you but does no damage.
You block the titan's attack.
The yaktaur captain hits you but does no damage.
The titan casts a spell.
The titan is healed somewhat.
You slice the titan!!
You draw out your weapon's spirit!
The titan is almost dead.
You slash the yaktaur captain!
The yaktaur captain hits you but does no damage.
The titan hits you!
You die...

####........### ##|#
........... .#...#
.#.#....#.... .#
.#.#.#.#.#W##....#....
..# .#...#...#.
#.#.#.#.#.#.#.#.
..#...#...#(..##
#.#.#.#.#.#.#.##
..#...#...#♣(}#
#.#)#.#.#.#c#C##
#..C#...#...##
#|#)#D#.#.#.#.#
.)#..)#...#..=#
#.#)#.#)#.#.#.##
..#...#)).#...##
#.#.#.#.#.#.#.#.#
..#...#...#...#..|#


You could see a titan, a yaktaur captain and a friendly +4 spectral broad axe
(summoned).

Vanquished Creatures
  the Royal Jelly (Slime:5)
  The ghost of Lukheov the Peltast, a veteran DrWn of Okawaru (Vaults:3)
  Xtahua (Vaults:2)
  Nikola (Shoals:2)
  Jorgrun (Spider:2)
  A titan (Vaults:5)
  A lich (Vaults:3)
  2 deep elf blademasters (Elf:3)
  2 deep elf master archers (Elf:3)
  14 acid blobs
  3 krakens
  3 sphinxes
  Agnes (Spider:2)
  2 storm dragons (Vaults:5)
  A shadow dragon (Vaults:5)
  2 tengu reavers
  5 azure jellies
  6 deep elf sorcerers
  4 fire giants
  3 frost giants
  5 ghost moths
  Aizul (Spider:2)
  A deep elf elementalist (Elf:3)
  6 emperor scorpions (Spider:4)
  10 vault wardens
  9 ironheart preservers
  A very ugly thing (Vaults:5)
  5 stone giants
  The ghost of Bolunijamo the Blocker, a journeyman GnFi of Okawaru (Lair:5)
  9 deep elf demonologists
  A bunyip (shapeshifter) (Vaults:5)
  10 deep elf annihilators
  A red draconian (Volcano)
  5 entropy weavers
  The ghost of Oluanan the Fighter, a journeyman DsFi of Hepliaklqana (Lair:3)
  2 minotaurs
  A spark wasp (Spider:2)
  6 ettins
  5 deep elf death magi
  The ghost of Haucw the Frost Mage, a journeyman DrIE of Sif Muna (Lair:4)
  Snorg (Lair:5)
  3 death oozes
  2 fire dragons
  6 merfolk impalers
  A crystal guardian (D:15)
  7 merfolk javelineers
  17 ogre magi
  9 yaktaur captains
  2 great orbs of eyes
  A ragged hierophant (Elf:1)
  34 vault guards
  6 deep elf high priests
  Josephine (Shoals:1)
  3 ice dragons
  8 boulder beetles
  10 hydras
  6 merfolk avatars
  5 centaur warriors
  2 catoblepae
  A two-headed ogre (shapeshifter) (Vaults:4)
  A tengu warrior (D:14)
  The ghost of MalarOregon the Carver, a journeyman HaWr of Dithmenos (D:9)
  A death knight (Vaults:1)
  6 satyrs
  3 death yaks (Lair:4)
  An alligator snapping turtle (Shoals:3)
  4 merfolk aquamancers
  A death scarab (Gauntlet)
  45 two-headed ogres
  23 dancing weapons
  16 deep elf knights
  The ghost of Galthrax the Nimble, a novice OpTm of Cheibriados (D:9)
  2 fire crabs
  13 skeletal warriors
  A sixfirhy (Gauntlet)
  16 sea snakes
  A flayed ghost (Vaults:3)
  A shadow wraith (Vaults:2)
  5 deep trolls
  2 unseen horrors
  An unseen horror (shapeshifter) (D:15)
  A glowing orange brain (Vaults:1)
  4 wizards
  3 phantasmal warriors
  10 deep elf archers
  7 orb spiders
  5 harpies
  2 sphinx zombies (Vaults:2)
  2 lindwurms (Lair:6)
  10 ironbrand convokers
  14 orc knights
  3 necromancers
  Pikel (D:9)
  3 orc sorcerers
  15 fauns
  21 manticores
  29 wolf spiders
  4 shining eyes
  30 ugly things
  A wolf spider zombie (D:15)
  A moth of wrath (Spider:1)
  54 deep elf magi
  18 cyclopes
  2 frost giant zombies (Vaults:2)
  13 elephants
  8 merfolk sirens
  7 molten gargoyles
  4 black mambas
  Psyche (D:12)
  11 vault sentinels
  4 centaur zombies
  2 gargoyles (D:14)
  2 torpor snails
  2 water nymphs
  5 eyes of devastation
  21 cane toads
  5 centaur skeletons
  Maggie (D:9)
  5 freezing wraiths
  3 cane toads (shapeshifter)
  10 demonic crawlers
  9 komodo dragons
  A rime drake (shapeshifter) (Vaults:3)
  21 yaktaurs
  7 rime drakes
  34 jumping spiders
  7 meliai
  2 tengu conjurers
  A meliai (shapeshifter) (D:15)
  35 merfolk
  2 polar bears
  7 trolls
  7 hornets
  A hornet (shapeshifter) (D:15)
  9 wind drakes
  A wind drake (shapeshifter) (D:14)
  A frost giant simulacrum (Vaults:3)
  4 blink frogs (Lair:3)
  45 slime creatures
  10 snapping turtles
  3 saltlings (Elf:1)
  A spectral dream sheep (Gauntlet)
  9 dream sheep
  2 human simulacra
  A stone giant simulacrum (Vaults:4)
  A meliai zombie (D:13)
  3 air elementals
  18 tarantellas
  11 water elementals
  4 centaur simulacra
  58 redbacks
  6 shadows
  62 yaks
  A basilisk (shapeshifter) (Vaults:2)
  16 wyverns
  A spriggan (shapeshifter) (Vaults:2)
  A hog (shapeshifter) (Vaults:1)
  2 humans (D:14)
  A fire elemental (Elf:2)
  10 wraiths
  7 basilisks
  2 humans (shapeshifter)
  2 steam dragons (Shoals:3)
  2 fire bats (Volcano)
  7 golden eyes
  4 vampire mosquitoes (D:15)
  Grum (D:9)
  A yaktaur simulacrum (Vaults:3)
  3 wargs
  Menkaure (D:4)
  A soldier ant (D:15)
  An acid dragon (shapeshifter) (Elf:2)
  An acid dragon (D:15)
  16 water moccasins
  4 hell hounds (Lair:6)
  4 eyes of draining
  3 ice beasts
  4 phantoms
  An ice dragon simulacrum (Gauntlet)
  33 orc warriors
  7 sky beasts
  7 black bears
  38 ogres
  19 wolves
  2 boggarts
  A lemure (D:9)
  23 centaurs
  The ghost of MrMittens the Vandal, an amateur HaHu (D:4)
  A human zombie (Vaults:4)
  3 big kobolds (D:12)
  16 bullfrogs
  A wyvern zombie (D:14)
  A gnoll sergeant (D:13)
  A wyvern skeleton (D:7)
  4 scorpions
  An orc simulacrum (Vaults:1)
  3 killer bees (D:9)
  15 wights
  2 electric eels
  14 lava snakes
  4 jellies
  16 orc priests
  2 bullfrog skeletons
  7 hounds
  Crazy Yiuf (D:2)
  Jessica (D:2)
  7 iguanas
  26 orc wizards
  11 worker ants
  10 hell rats
  A worker ant zombie (D:9)
  18 gnolls
  14 adders
  12 river rats (Lair:3)
  2 shadow imps
  3 white imps
  4 ufetubi
  4 oozes
  2 adder skeletons
  4 worms
  2 dart slugs (D:1)
  3 leopard geckos
  88 orcs
  A ball python (D:6)
  7 giant cockroaches
  5 goblins
  5 hobgoblins
  21 jackals
  6 quokkas
  15 bats
  6 frilled lizards
  23 kobolds
  A leopard gecko skeleton (D:6)
  A quokka skeleton (D:5)
  A quokka zombie (D:6)
  8 rats
  A bush (D:2)
  A crawling corpse (Elf:3)
  2 plants
  8 tentacles
1777 creatures vanquished.

Vanquished Creatures (collateral kills)
  Arachne (Spider:2)
  A tentacled monstrosity (Vaults:5)
  A stone giant (Vaults:3)
  2 deep elf demonologists (Elf:3)
  The ghost of MalarOregon the Slinger, a journeyman HaHu of Fedhas (Lair:4)
  A deep elf high priest (Elf:3)
  A death ooze (Slime:5)
  3 great orbs of eyes (Slime:5)
  The ghost of Ladykiller69 the Cleaver, a novice HOGl of Wu Jian (D:9)
  The ghost of Tsundere the Cleaver, a novice HOFi of Beogh (D:9)
  2 deep elf knights (Elf:3)
  3 deep elf archers (Elf:3)
  An eye of devastation (Slime:5)
  7 slime creatures (Slime:5)
  2 tarantellas (Spider:2)
28 creatures vanquished.

Vanquished Creatures (others)
  Nessos (Lair:5)
  A yaktaur captain (Vaults:3)
  A hydra (Lair:5)
  2 unseen horrors (D:15)
  A centaur (Shoals:1)
  2 hell rats (Lair:5)
  14 demonic plants (Gauntlet)
  20 fungi
  175 plants
  9 tentacles
226 creatures vanquished.

Grand Total: 2031 creatures vanquished

Notes
Turn   | Place    | Note
-------+----------+-------------------------------------------
     0 | D:1      | septik the Minotaur Berserker began the quest for the Orb.
     0 | D:1      | Reached XP level 1. HP: 19/19 MP: 0/0
   363 | D:1      | Reached XP level 2. HP: 27/27 MP: 1/1
  1281 | D:2      | Reached ** piety under Trog
  1359 | D:2      | Noticed Jessica
  1403 | D:2      | Reached XP level 3. HP: 33/33 MP: 2/2
  1763 | D:2      | Killed Jessica
  1764 | D:2      | Reached XP level 4. HP: 38/40 MP: 3/3
  2084 | D:2      | Found a runed translucent door.
  2085 | D:2      | Noticed Crazy Yiuf
  2092 | D:2      | Killed Crazy Yiuf
  2093 | D:2      | Reached skill level 5 in Axes
  2186 | D:3      | Found an ornate altar of the Wu Jian Council.
  2227 | D:3      | HP: 3/61 [poisoned by kobold (curare-tipped dart)]
  2234 | D:3      | HP: 2/61 [poisoned by kobold (curare-tipped dart)]
  2239 | D:3      | HP: 2/61 [poisoned by kobold (curare-tipped dart)]
  2488 | D:3      | Reached XP level 5. HP: 39/47 MP: 4/4
  2579 | D:3      | Found a stormy altar of Qazlal.
  2680 | D:3      | Found a white marble altar of Elyvilon.
  2755 | D:3      | Noticed a sky beast
  2770 | D:3      | Killed a sky beast
  2771 | D:3      | Reached XP level 6. HP: 55/55 MP: 5/5
  2772 | D:3      | Reached *** piety under Trog
  2824 | D:3      | Found a glowing drain.
  2834 | Sewer    | Entered a sewer
  2902 | Sewer    | Noticed a water moccasin
  2908 | Sewer    | Killed a water moccasin
  2909 | Sewer    | Reached skill level 5 in Fighting
  2909 | Sewer    | Reached skill level 1 in Shields
  3191 | D:4      | Found Mefeen's Assorted Antiques.
  3202 | D:4      | Noticed Menkaure
  3212 | D:4      | Killed Menkaure
  3213 | D:4      | Reached XP level 7. HP: 51/61 MP: 6/6
  3519 | D:4      | Reached skill level 5 in Armour
  3584 | D:4      | Reached **** piety under Trog
  3697 | D:4      | Found a large runed translucent door.
  3699 | D:4      | Found a large runed translucent door.
  3823 | D:4      | Reached XP level 8. HP: 70/70 MP: 7/7
  3917 | D:4      | Noticed MrMittens's ghost (amateur HaHu)
  3927 | D:4      | Killed MrMittens's ghost
  4002 | D:5      | Entered Level 5 of the Dungeon
  4025 | D:5      | Got a bloodstained dagger
  4034 | D:4      | Identified the cursed +0 dagger of Xompiryo {vamp, *Slow
                  | rC++ Str-5 Stlth+} (You found it on level 5 of the Dungeon)
  4172 | D:5      | Found a staircase to the Ecumenical Temple.
  4235 | D:5      | Found an ancient bone altar of Kikubaaqudgha.
  4276 | D:5      | Found a broken altar of Ashenzari.
  4703 | D:6      | Found Getsacki's Armour Emporium.
  4778 | D:6      | Found a blossoming altar of Fedhas.
  4778 | D:6      | Noticed an oklob plant
  5195 | D:6      | Got a transparent scale mail
  5206 | D:6      | Identified the +3 scale mail "Hufrodac" {rN+ rCorr Int-2
                  | Slay+5} (You found it on level 6 of the Dungeon)
  5437 | D:6      | Reached skill level 5 in Shields
  5486 | D:6      | Reached XP level 9. HP: 69/79 MP: 8/8
  6023 | D:7      | Reached ***** piety under Trog
  6089 | D:7      | Reached skill level 10 in Axes
  7961 | D:9      | Noticed Grum
  7962 | D:9      | Noticed Maggie
  7980 | D:9      | Killed Maggie
  7994 | D:8      | Reached XP level 10. HP: 13/90 MP: 9/9
  8310 | D:8      | Gained mutation: You possess an exceptional clarity of
                  | mind. [potion of mutation]
  8310 | D:8      | Gained mutation: You are agile. (Dex +2) [potion of
                  | mutation]
  8311 | D:8      | Lost mutation: You possess an exceptional clarity of mind.
                  | [potion of mutation]
  8311 | D:8      | Lost mutation: You are agile. (Dex +2) [potion of mutation]
  8311 | D:8      | Gained mutation: You are strong-willed. (Will+) [potion of
                  | mutation]
  8311 | D:8      | Gained mutation: Your muscles are strong. (Str +2) [potion
                  | of mutation]
  8312 | D:8      | Lost mutation: Your muscles are strong. (Str +2) [potion of
                  | mutation]
  8312 | D:8      | Lost mutation: You are strong-willed. (Will+) [potion of
                  | mutation]
  8312 | D:8      | Gained mutation: Armour fits poorly on your strangely
                  | shaped body. [potion of mutation]
  8312 | D:8      | Gained mutation: You have large cloven feet. [potion of
                  | mutation]
  8358 | D:9      | Killed Grum
  8570 | D:9      | Found a staircase to the Lair.
  8577 | D:9      | Found a runed translucent gate.
  8577 | D:9      | Found a runed translucent gate.
  8722 | D:9      | Noticed Pikel
  8737 | D:9      | Killed Pikel
  8864 | D:9      | Received a gift from Trog
  9102 | D:9      | Found a runed translucent gate.
  9102 | D:9      | Noticed Tsundere's ghost (novice HOFi)
  9104 | D:9      | Noticed MalarOregon's ghost (journeyman HaWr)
  9104 | D:9      | Noticed Galthrax's ghost (novice OpTm)
  9104 | D:9      | Noticed Ladykiller69's ghost (novice HOGl)
  9115 | D:9      | Killed Tsundere's ghost
  9119 | D:9      | Killed Galthrax's ghost
  9120 | D:9      | Killed Ladykiller69's ghost
  9124 | D:9      | Killed MalarOregon's ghost
  9139 | D:9      | Got a twisted short sword
  9193 | Lair:1   | Entered Level 1 of the Lair of Beasts
  9212 | Lair:1   | Noticed a cane toad
  9215 | Lair:1   | Noticed a cane toad
  9233 | D:9      | Killed a cane toad
  9234 | D:9      | Reached XP level 11. HP: 42/99 MP: 10/10
  9691 | D:9      | Reached skill level 10 in Fighting
  9967 | Lair:1   | Reached skill level 10 in Armour
 11280 | Lair:2   | Noticed an eight-headed hydra
 11289 | Lair:2   | Killed a five-headed hydra
 11405 | Lair:2   | Found a dark tunnel.
 11410 | Volcano  | Entered a volcano
 12010 | Volcano  | Found a burning altar of Makhleb.
 12010 | Volcano  | Noticed a centaur warrior
 12016 | Volcano  | Killed a centaur warrior
 12017 | Volcano  | Reached skill level 10 in Shields
 12017 | Volcano  | Reached XP level 12. HP: 110/110 MP: 11/11
 12072 | Volcano  | Noticed a red draconian
 12087 | Volcano  | Killed a red draconian
 12275 | Volcano  | Reached skill level 15 in Axes
 12742 | Lair:2   | Noticed a boulder beetle
 12949 | Lair:2   | Killed a boulder beetle
 13217 | Lair:2   | Found a staircase to the Shoals.
 13735 | Lair:2   | Found a hole to the Spider Nest.
 14320 | Lair:3   | Noticed a five-headed hydra
 14321 | Lair:3   | Noticed a five-headed hydra
 14327 | Lair:3   | Noticed Oluanan's ghost (journeyman DsFi)
 14330 | Lair:3   | Found a transporter.
 14333 | Lair:3   | Found a transporter.
 14341 | Lair:3   | Noticed an eight-headed hydra
 14357 | Lair:3   | Killed a five-headed hydra
 15150 | Lair:4   | Noticed a six-headed hydra
 15158 | Lair:4   | Killed a three-headed hydra
 15167 | Lair:4   | Found a gate leading to a gauntlet.
 15185 | Gauntlet | Entered a Gauntlet
 15185 | Gauntlet | Found a transporter.
 15404 | Gauntlet | Found a transporter.
 15419 | Gauntlet | Found a transporter.
 15424 | Gauntlet | Found a transporter.
 15439 | Gauntlet | Found a transporter.
 15458 | Gauntlet | Found a transporter.
 15470 | Gauntlet | Found a transporter.
 15475 | Gauntlet | Found a transporter.
 15488 | Gauntlet | Found a large runed translucent door.
 15489 | Gauntlet | Found a large runed translucent door.
 15490 | Gauntlet | Found a large runed translucent door.
 15490 | Gauntlet | Found a large runed translucent door.
 15491 | Gauntlet | Found a runed translucent gate.
 15492 | Gauntlet | Found a transporter.
 15492 | Gauntlet | Found a runed translucent gate.
 15493 | Gauntlet | Found a runed translucent gate.
 15494 | Gauntlet | Found a large runed translucent door.
 15494 | Gauntlet | Found a large runed translucent door.
 15495 | Gauntlet | Found a large runed translucent door.
 15496 | Gauntlet | Found a large runed translucent door.
 15505 | Gauntlet | Found a transporter.
 15520 | Gauntlet | Found a large runed translucent door.
 15520 | Gauntlet | Found a large runed translucent door.
 15520 | Gauntlet | Found a runed translucent door.
 15520 | Gauntlet | Found a runed translucent door.
 15521 | Gauntlet | Found a large runed translucent door.
 15522 | Gauntlet | Found a large runed translucent door.
 15524 | Gauntlet | Found a transporter.
 15524 | Gauntlet | Found a transporter.
 15526 | Gauntlet | Found a transporter.
 15640 | Gauntlet | Found a transporter.
 15644 | Gauntlet | Reached XP level 13. HP: 102/118 MP: 12/12
 15650 | Gauntlet | Found a large runed translucent door.
 15651 | Gauntlet | Found a large runed translucent door.
 15660 | Gauntlet | Found a large runed translucent door.
 15660 | Gauntlet | Found a large runed translucent door.
 15675 | Gauntlet | Found a transporter.
 15690 | Gauntlet | Received a gift from Trog
 15941 | Gauntlet | Got a pitted copper ring
 15983 | Gauntlet | Got a shimmering crystal plate armour
 15988 | Gauntlet | Got a pitted helmet
 15999 | Gauntlet | Noticed a minotaur
 16007 | Gauntlet | Killed a minotaur
 16352 | Lair:4   | Found the cursed necklace of Bloodlust {*Rage +Rage Will++
                  | Int-3 Slay+6 *Curse}
 16809 | Lair:5   | Killed Nessos
 16856 | Lair:4   | Found a runed translucent gate.
 16856 | Lair:4   | Found a runed translucent gate.
 16856 | Lair:4   | Found a runed translucent gate.
 17146 | Lair:4   | Identified the +19 crystal plate armour of Eqom {rCorr}
                  | (You found it in a Gauntlet)
 17156 | Lair:4   | Identified the ring "Dunnahoe" {rPois Int+4 Stlth+} (You
                  | found it in a Gauntlet)
 17810 | Lair:4   | Noticed MalarOregon's ghost (journeyman HaHu)
 17810 | Lair:4   | Noticed Haucw's ghost (journeyman DrIE)
 17825 | Lair:4   | Killed MalarOregon's ghost
 17827 | Lair:4   | Killed Haucw's ghost
 17971 | Lair:5   | Found a runed translucent door.
 17971 | Lair:5   | Noticed Bolunijamo's ghost (journeyman GnFi)
 18032 | Lair:5   | Killed Bolunijamo's ghost
 18317 | Lair:5   | Found a staircase to the Slime Pits.
 18654 | Lair:5   | Noticed Snorg
 18663 | Lair:5   | Killed Snorg
 18903 | Lair:6   | Entered Level 6 of the Lair of Beasts
 18945 | Lair:6   | Lost mutation: Armour fits poorly on your strangely shaped
                  | body. [potion of mutation]
 18945 | Lair:6   | Lost mutation: You have large cloven feet. [potion of
                  | mutation]
 18945 | Lair:6   | Gained mutation: You have sharp toenails. [potion of
                  | mutation]
 18945 | Lair:6   | Gained mutation: You are resistant to electric shocks.
                  | (rElec) [potion of mutation]
 19018 | Lair:6   | Reached XP level 14. HP: 129/129 MP: 13/13
 19412 | Lair:6   | Received a gift from Trog
 19664 | Lair:6   | Found a large runed translucent door.
 19664 | Lair:6   | Found a large runed translucent door.
 20635 | Lair:3   | Killed Oluanan's ghost
 20851 | D:10     | Entered Level 10 of the Dungeon
 21484 | D:11     | Received a gift from Trog
 21930 | D:11     | Found a staircase to the Orcish Mines.
 22152 | Orc:1    | Entered Level 1 of the Orcish Mines
 22354 | Orc:1    | Found Fuybeh's Jewellery Shop.
 22558 | Orc:2    | Entered Level 2 of the Orcish Mines
 22603 | Orc:2    | Found Qikup's Assorted Antiques.
 22603 | Orc:2    | Found Rullebbi's Magic Scroll Emporium.
 22609 | Orc:2    | Reached XP level 15. HP: 139/139 MP: 14/14
 22617 | Orc:2    | Found Zagihokk's Antique Weapon Boutique.
 22617 | Orc:2    | Found Qiecai's Weapon Shoppe.
 22672 | Orc:2    | Bought a scroll of enchant weapon for 127 gold pieces
 22673 | Orc:2    | Bought a scroll labelled WAWAIR BOUKE for 27 gold pieces
 22776 | Orc:2    | Found a staircase to the Elven Halls.
 22800 | Orc:2    | Found Hiatt's Weapon Emporium.
 22808 | Orc:2    | Received a gift from Trog
 23472 | Elf:1    | Entered Level 1 of the Elven Halls
 23772 | D:12     | Found an ancient bone altar of Kikubaaqudgha.
 23810 | D:12     | Noticed Psyche
 23814 | D:12     | Killed Psyche
 24499 | D:13     | Reached ****** piety under Trog
 24735 | D:13     | Reached skill level 15 in Fighting
 25287 | D:13     | Found a portal to a secret trove of treasure.
 25358 | Orc:2    | Bought a potion of curing for 81 gold pieces
 25504 | D:13     | Found an ornate altar of the Wu Jian Council.
 25840 | D:14     | Received a gift from Trog
 25841 | D:14     | Reached skill level 15 in Armour
 25979 | D:14     | Found Xoezeh's Antique Weapon Shoppe.
 26253 | D:14     | Found a gate to the Vaults.
 26393 | D:14     | Reached XP level 16. HP: 145/149 MP: 15/15
 26440 | D:14     | Reached skill level 15 in Shields
 26972 | D:15     | Entered Level 15 of the Dungeon
 26995 | D:15     | Received a gift from Trog
 27335 | D:15     | Found a staircase to the Depths.
 27422 | D:15     | Found a shimmering blue altar of Sif Muna.
 27422 | D:15     | Found a shimmering altar of Xom.
 27423 | D:15     | Found a shimmering altar of Xom.
 27767 | D:15     | Identified the ring "Jiosaill" {rF+ rC+ Dex+5}
 27839 | D:15     | Got an encrusted broad axe
 27840 | D:15     | Identified the cursed +2 broad axe of Hatred {drain,
                  | *Corrode rPois rN+ Str+5} (You found it on level 15 of the
                  | Dungeon)
 28621 | Orc:2    | Bought 3 scrolls of identify for 102 gold pieces
 28621 | Orc:2    | Bought a scroll of magic mapping for 59 gold pieces
 28621 | Orc:2    | Bought a scroll of identify for 34 gold pieces
 28898 | Spider:1 | Entered Level 1 of the Spider Nest
 28931 | Spider:1 | Received a gift from Trog
 29528 | Spider:2 | Noticed Aizul
 29545 | Spider:2 | Killed Aizul
 29546 | Spider:2 | Reached XP level 17. HP: 132/163 MP: 16/16
 29700 | Spider:2 | Noticed Arachne
 29706 | Spider:2 | Killed Arachne
 29738 | Spider:2 | Received a gift from Trog
 29889 | Spider:2 | Noticed Agnes
 29896 | Spider:2 | Killed Agnes
 29901 | Spider:2 | Got a jewelled hand axe
 29902 | Spider:2 | Identified the +6 hand axe of Might {vorpal, Str+5} (You
                  | found it on level 2 of the Spider Nest)
 29917 | Spider:2 | Noticed Jorgrun
 29928 | Spider:2 | Killed Jorgrun
 30246 | Spider:3 | Acquired a +1 pair of boots of flying
 30261 | Spider:3 | Got a translucent wooden ring
 30875 | D:13     | You paid a toll of 17 potions of curing to enter a treasure
                  | trove
 30876 | Trove    | Entered a treasure trove
 31334 | Spider:3 | Got a smoking amber ring
 31336 | Spider:3 | Identified the ring of Lezexziq {rPois rF+ Will+ MP+9
                  | Str+4} (You found it on level 3 of the Spider Nest)
 31338 | Spider:3 | Lost intelligence.
 31338 | Spider:3 | Identified the ring of Fyliwi {rC+ Int-5 Slay+2 Stlth+}
                  | (You found it on level 3 of the Spider Nest)
 31890 | Spider:4 | Entered Level 4 of the Spider Nest
 32306 | Spider:4 | Received a gift from Trog
 33514 | Spider:4 | Got a gossamer rune of Zot
 33750 | Shoals:1 | Entered Level 1 of the Shoals
 33807 | Shoals:1 | Noticed Josephine
 33817 | Shoals:1 | Killed Josephine
 34088 | Shoals:1 | Reached XP level 18. HP: 117/178 MP: 17/17
 34457 | Shoals:1 | Received a gift from Trog
 35631 | Shoals:2 | Found a hide-covered altar of Uskayaw.
 35758 | Shoals:2 | Noticed Nikola
 35767 | Shoals:2 | Killed Nikola
 36497 | Shoals:2 | Received a gift from Trog
 38585 | Shoals:4 | Entered Level 4 of the Shoals
 39308 | Shoals:4 | Received a gift from Trog
 40037 | Shoals:4 | Got a barnacled rune of Zot
 40126 | Shoals:4 | Reached XP level 19. HP: 174/190 MP: 18/18
 40392 | Shoals:4 | Found Tieli's Antique Weapon Boutique.
 40992 | Slime:1  | Entered Level 1 of the Pits of Slime
 40997 | Slime:1  | Gained mutation: Your spells are a little easier to cast,
                  | but a little less powerful. [a shining eye]
 41380 | Slime:3  | Received a gift from Trog
 41477 | Slime:5  | Entered Level 5 of the Pits of Slime
 41797 | Slime:5  | Found a viscous altar of Jiyva.
 41798 | Slime:5  | Noticed the Royal Jelly
 41807 | Slime:5  | Killed the Royal Jelly
 41925 | Slime:5  | Got a slimy rune of Zot
 42133 | Slime:5  | Gained mutation: Your body sometimes deteriorates upon
                  | taking damage. [a shining eye]
 42135 | Slime:5  | Gained mutation: Scrolls take you a little longer to read.
                  | [a shining eye]
 42137 | Slime:5  | Reached skill level 1 in Evocations
 42568 | Slime:4  | Gained mutation: You are weak. (Str -2) [a shining eye]
 42655 | Slime:4  | Received a gift from Trog
 42683 | Slime:3  | Reached skill level 5 in Evocations
 42926 | Slime:1  | Gained mutation: You are frail. (-10% HP) [a shining eye]
 43049 | Slime:5  | Lost mutation: Scrolls take you a little longer to read.
                  | [potion of mutation]
 43049 | Slime:5  | Lost mutation: You have sharp toenails. [potion of
                  | mutation]
 43049 | Slime:5  | Lost mutation: Your body sometimes deteriorates upon taking
                  | damage. [potion of mutation]
 43049 | Slime:5  | Lost mutation: You are weak. (Str -2) [potion of mutation]
 43049 | Slime:5  | Gained mutation: You have a pair of large horns on your
                  | head. [potion of mutation]
 43049 | Slime:5  | Gained mutation: Your mind is acute. (Int +2) [potion of
                  | mutation]
 43345 | D:13     | Lost mutation: You have a pair of large horns on your head.
                  | [potion of mutation]
 43345 | D:13     | Lost mutation: You are frail. (-10% HP) [potion of
                  | mutation]
 43345 | D:13     | Lost mutation: Your mind is acute. (Int +2) [potion of
                  | mutation]
 43345 | D:13     | Lost mutation: Your spells are a little easier to cast, but
                  | a little less powerful. [potion of mutation]
 43345 | D:13     | Gained mutation: You do not regenerate when monsters are
                  | visible. [potion of mutation]
 43345 | D:13     | Gained mutation: Your system is resistant to poisons.
                  | (rPois) [potion of mutation]
 44362 | Elf:2    | Found Wuedgh's Magic Scroll Shop.
 44377 | Elf:2    | Bought a scroll of brand weapon for 360 gold pieces
 44377 | Elf:2    | Bought a scroll of magic mapping for 63 gold pieces
 45005 | Elf:2    | Bought 3 scrolls of brand weapon for 1080 gold pieces
 45081 | Elf:2    | Found a runed translucent gate.
 45081 | Elf:2    | Found a runed translucent gate.
 45088 | Elf:2    | Found a runed translucent gate.
 45113 | Elf:2    | Reached XP level 20. HP: 178/200 MP: 19/19
 45673 | Elf:2    | Received a gift from Trog
 46176 | Elf:3    | Entered Level 3 of the Elven Halls
 46176 | Elf:3    | Found Dezes's General Store.
 46243 | Elf:3    | Reached skill level 10 in Evocations
 46288 | Elf:3    | Found an ancient bone altar of Kikubaaqudgha.
 46871 | Elf:3    | Identified the amulet of Taegg {Regen+ Int+2}
 46883 | Elf:3    | Identified the +1 robe "Vumuodiwn" {Will+ Slay+2}
 46885 | Elf:3    | Received a gift from Trog
 46887 | Elf:3    | Gained mutation: Scrolls take you a little longer to read.
                  | [a cacodemon]
 46900 | Elf:3    | HP: 1/200 [deep elf high priest/divine providence (16)]
 48248 | Elf:3    | Identified the +4 plate armour "Ujemekaadgh" {Rampage rN+
                  | Str+3 Dex+2}
 48603 | Elf:3    | Acquired 1226 gold pieces
 49083 | Vaults:1 | Entered Level 1 of the Vaults
 49358 | Vaults:1 | Received a gift from Trog
 49727 | Vaults:1 | Reached skill level 5 in Dodging
 49958 | Vaults:1 | Found Erahiwiv's Assorted Antiques.
 49962 | Vaults:1 | Bought a scroll of blinking for 187 gold pieces
 50076 | Vaults:1 | Reached XP level 21. HP: 208/208 MP: 20/20
 50321 | Vaults:1 | Found Umatz's Jewellery Shop.
 50630 | Vaults:2 | Received a gift from Trog
 50675 | Vaults:2 | Found Deukhun's Weapon Shoppe.
 50799 | Vaults:2 | Noticed Xtahua
 50815 | Vaults:2 | Killed Xtahua
 50843 | Vaults:2 | Found a staircase to the Crypt.
 50846 | Vaults:2 | Found Qast's Armour Emporium.
 51276 | Vaults:2 | Received a gift from Trog
 52323 | Vaults:3 | Noticed Lukheov's ghost (veteran DrWn)
 52329 | Vaults:3 | Received a gift from Trog
 52343 | Vaults:3 | Found a runed translucent gate.
 52343 | Vaults:3 | Found a runed translucent gate.
 52343 | Vaults:3 | Found a runed translucent gate.
 52372 | Vaults:3 | Killed Lukheov's ghost
 53109 | Vaults:3 | Reached XP level 22. HP: 220/220 MP: 21/21
 53301 | Vaults:3 | Received a gift from Trog
 53876 | Vaults:4 | Found Ixkesoseli's Gadget Shoppe.
 53926 | Vaults:4 | Found the +8 storm bow {elec, penet}
 54106 | Vaults:4 | Received a gift from Trog
 54809 | Vaults:5 | Entered Level 5 of the Vaults
 54814 | Vaults:5 | Reached skill level 10 in Dodging
 55226 | Vaults:5 | Received a gift from Trog
 55276 | Vaults:5 | Reached skill level 15 in Evocations
 55298 | Vaults:5 | HP: 1/213 [titan (15)]
 55300 | Vaults:5 | Mangled by a titan

Illustrated notes

Levels and vault maps discovered:
D:1:      matt_arrival_diagonals, layout_basic, roderic_serpentine_path
D:2:      layout_loops_cross, uniq_crazy_yiuf_cottage, uniq_jessica
D:3:      layout_basic, overflow_temple_1_default, lemuel_doored_altar,
          portal_sewer_entry_d, chequers_jeans, elyvilon_altar_3
D:4:      layout_rooms, serial_shops, shop, ebering_ghost_disaster_area,
          minmay_mini_jars, uniq_menkaure
D:5:      layout_rooms, kiku_gazebo_pond_becter, old_standard_altar,
          minmay_temple_entry_statues_pillars
D:6:      layout_basic, serial_shops, shop, lemuel_oklob_altar
D:7:      layout_gridville
D:8:      layout_layer_cave, st_stairs_6
D:9:      layout_long_grid, dpeg_oklobed_lair, gammafunk_ghost_cemetery,
          uniq_pikel, uniq_maggie, uniq_grum
D:10:     layout_rooms
D:11:     layout_loops_cross, orc_0_dummy, skrybe_limestone_x,
          nicolae_lava_and_water, kennysheep_generic_room_9
D:12:     layout_loops_cross, basic_altar, dk_noncrumbling_2, uniq_psyche
D:13:     layout_basic, enter_trove_5, basic_altar
D:14:     layout_irregular_city, grunt_vaults_entry_fortified, serial_shops,
          kennysheep_mini_moat, minivault_25
D:15:     hangedman_slaughterboxes
Lair:1:   layout_layer_cave, infiniplex_staircase_pool_2
Lair:2:   layout_chaotic_city, minmay_shoals_entry_hut, spider_nest_entry_webs,
          nicolae_volcano_entry_s_turn, grunt_megastairs_4,
          minmay_lair_oklob_chamber
Lair:3:   layout_cave_pods, gammafunk_ghost_arena, kennysheep_rathole,
          serial_bayou_shore_a
Lair:4:   cheibrodos_magma_flow, layout_cave_pods, gauntlet_entry_generic,
          gammafunk_ghost_cemetery
Lair:5:   layout_cave_pods, nicolae_slime_entry_slimehenge, special_room
          [special_room_mythical_zoo], hellmonk_ghost_happy_afterlife,
          grunt_megastairs_3, uniq_snorg, uniq_nessos
Lair:6:   cheibrodos_lair_end_hotspot, layout_regular_city, lemuel_fruit_tree
Shoals:1: layout_shoals, nicolae_shoals_wave_tunnel, uniq_josephine
Shoals:2: layout_shoals, regret_index_shoals_crete, uniq_nikola
Shoals:3: layout_shoals, nicolae_shoals_drake_roost
Shoals:4: shoals_end_grunt_garden, layout_shoals, serial_shops,
          nicolae_shop_statue_plus, nicolae_shoals_kraken_intersection
Spider:1: layout_spider_delve
Spider:2: layout_spider_delve, uniq_arachne, uniq_jorgrun, uniq_aizul,
          uniq_agnes
Spider:3: layout_chambers
Spider:4: grunt_spider_rune_circles
Slime:1:  layout_caves, amcnicky_altar_lugonu_corruption
Slime:2:  cheibrodos_slime_lost_civilization_8, layout_caves
Slime:3:  layout_caves
Slime:4:  layout_caves
Slime:5
Orc:1:    layout_caves, serial_shops, shop
Orc:2:    st_orc_ogre_mass, layout_caves, serial_shops, nicolae_shop_statue_plus
Elf:1:    eino_elf_arrival_shootout, layout_loops_cross,
          portal_desolation_entry_nicolae_nacl, kennysheep_underground_church
Elf:2:    layout_gridlike, serial_shops, shop
Elf:3:    elf_hall, layout_geoelf_octagon, basic_altar, serial_shops, shop
Vaults:1: ontoclasm_vaults_claustrophobia, hangedman_vaults_trim,
          nicolae_vaults_c_with_doors, v_pattern_1, vaults_dpeg_doors,
          vaults_room_ringed_pool, vaults_mumra_hexcomb, v_rooms_1,
          grunt_vaults_hallway_long, vaults_room_hallway, v_misc_24,
          ontoclasm_vaults_eye, grunt_vaults_hallway_short,
          ontoclasm_vaults_gateway, layout_vaults_ring, serial_shops,
          shop_statue, shop
Vaults:2: v_misc_9, v_misc_8, vaults_mumra_hex, nicolae_vaults_network_square,
          vaults_room_grid, nicolae_vaults_little_squares_2,
          nicolae_vaults_little_squares_5, ontoclasm_vaults_loading_screen,
          v_pattern_2, vaults_room_pool, ontoclasm_vaults_spin,
          layout_vaults_big_room, serial_shops, shop, nicolae_shop_trees,
          uniq_xtahua
Vaults:3: gammafunk_vaults_ghost_split, ontoclasm_vaults_misaligned,
          vaults_mumra_minichess_inversion, vaults_room_boxed,
          nicolae_vaults_puzzle_piece, st_lattice, v_misc_16,
          nicolae_vaults_yaktaur_gun_rack, layout_vaults_omnicross
Vaults:4: nicolae_vaults_big_angled_halls, nicolae_vaults_theta,
          vaults_room_pool, vaults_room_hangedman_quadrants, v_misc_25,
          layout_vaults_omnigrid, serial_shops, shop
Vaults:5: serial_shops, uniq_margery, uniq_frederick

Skill      XL: |  1  2  3  4  5  6  7  8  9 10 11 12 13 14 15 16 17 18 19 20 21 22 |
---------------+-------------------------------------------------------------------+-----
Axes           | 4 5 6 7 9 11 12 14 16 17 19 20 | 20.0
Fighting       | 4 5 6 7 8 9 11 12 13 14 15 17 19 21 22 23 | 23.9
Armour         | 3 4 5 6 8 9 10 12 13 14 15 17 19 21 22 23 | 23.9
Dodging        | 3 5 9 11 | 11.1
Shields        | 2 3 5 6 8 10 11 12 13 14 15 | 15.0
Evocations     | 8 13 14 15 | 15.0

Action                   |  1- 3 |  4- 6 |  7- 9 | 10-12 | 13-15 | 16-18 | 19-21 | 22-24 || total
-------------------------+-------+-------+-------+-------+-------+-------+-------+-------++-------
Melee: Hand axe          |    54 |       |       |       |       |       |       |       ||    54
       Headbutt          |    11 |    29 |    70 |    72 |   199 |   330 |   374 |    83 ||  1168
       Whip              |    23 |   129 |   372 |    21 |       |       |       |       ||   545
       Broad axe         |       |       |       |   381 |   868 |  1162 |  1108 |   207 ||  3726
 Fire: Hunting sling     |       |       |       |     2 |       |       |       |       ||     2
Throw: Stone             |       |       |     2 |     3 |       |       |       |       ||     5
Invok: Berserk           |     1 |     1 |     3 |     4 |     7 |     2 |     1 |       ||    19
       Trog's Hand       |     1 |       |       |     1 |     1 |     1 |     2 |     1 ||     7
       Brothers in Arms  |       |       |     1 |     2 |     4 |     1 |     4 |     2 ||    14
Evoke: Phial of floods   |       |       |       |       |       |       |     1 |       ||     1
       Box of beasts     |       |       |       |       |       |       |       |     1 ||     1
  Use: Scroll            |     1 |     6 |     1 |    21 |    11 |    10 |    15 |     2 ||    67
       Potion            |       |     1 |       |     3 |     2 |       |     6 |     2 ||    14
 Stab: Distracted        |       |       |       |       |     1 |       |     6 |     3 ||    10
       Confused          |       |       |       |       |       |       |     1 |       ||     1
Armor: Scale mail        |     6 |       |    40 |       |       |       |       |       ||    46
       Chain mail        |    41 |    45 |    87 |    69 |    46 |       |       |       ||   288
       Skin              |       |     3 |       |       |       |       |       |     3 ||     6
       Plate armour      |       |       |    73 |   175 |       |       |       |       ||   248
       Crystal plate arm |       |       |       |       |   351 |   927 |   427 |   103 ||  1808
Dodge: Dodged            |    31 |    33 |   106 |   120 |   135 |   304 |   190 |    47 ||   966
Block: Kite shield       |       |     7 |   195 |   243 |   455 |   809 |   604 |   124 ||  2437
